 Dungeon Crawl Stone Soup version 0.18-a0-750-g37044d6 (webtiles) character file.

11532 George the Thaumaturge (level 11, -22/54 HPs)
             Began as a Deep Elf Conjurer on Dec 12, 2015.
             Was a Priest of Vehumet.
             Annihilated by a white ugly thing (27 damage)
             ... on level 11 of the Dungeon.
             The game lasted 00:52:11 (14242 turns).

George the Thaumaturge (Deep Elf Conjurer)         Turns: 14242, Time: 00:52:11

Health: -22/54     AC:  7    Str:  5    XL:     11   Next: 50%
Magic:  9/27       EV: 20    Int: 28    God:    Vehumet [***...]
Gold:   133        SH:  0    Dex: 20    Spells: 5 memorised, 16 levels left

rFire  + . .     SeeInvis +     w - +4 quarterstaff (chaos)
rCold  . . .     Clarity  .     S - +1 robe of the Tuna {Int+4 Dex+5}
rNeg   . . .     SustAt   .     (shield currently unavailable)
rPois  .         Gourm    .     t - +0 helmet
rElec  +         Spirit   .     v - +1 cloak
rCorr  .         Dismiss  .     (no gloves)
rMut   .         Stasis   .     X - +0 pair of boots "Awe Taun" {rElec rF+ SInv} (curse)
MR     +....                    (no amulet)
Stlth  +++++.....               (no ring)
                                i - ring of wizardry

@: somewhat resistant to hostile enchantments, quite stealthy
A: no striking features
a: Renounce Religion


You were on level 11 of the Dungeon.
You worshipped Vehumet.
Vehumet was most pleased with you.
You were hungry.

You visited 2 branches of the dungeon, and saw 12 of its levels.

You collected 528 gold pieces.
You spent 395 gold pieces at shops.

Inventory:

Hand Weapons
 w - a +4 quarterstaff of chaos (weapon)
Armour
 t - a +0 helmet (worn)
 v - a +1 cloak (worn)
 G - a +0 robe of fire resistance
 S - the +1 robe of the Tuna (worn) {Int+4 Dex+5}
   (You bought it in a shop on level 9 of the Dungeon)

   It affects your intelligence (+4).
   It affects your dexterity (+5).
 X - the cursed +0 pair of boots "Awe Taun" (worn) {rElec rF+ SInv}
   (You bought it in a shop on level 9 of the Dungeon)

   It protects you from fire.
   It insulates you from electricity.
   It lets you see invisible.
   It has a curse placed upon it.
Magical Staves
 T - an uncursed staff of cold
Jewellery
 i - a ring of wizardry (left hand)
 Z - an uncursed ring of ice
Wands
 Q - a wand of flame (29)
 V - a wand of disintegration (8)
 W - a wand of frost (35)
Scrolls
 g - 7 scrolls of remove curse
 k - 2 scrolls of recharging
 M - 2 scrolls of teleportation
 N - a scroll of enchant armour
 O - 2 scrolls of amnesia
Potions
 j - a potion of flight
 m - 3 potions of heal wounds
 n - 3 potions of curing
 s - 3 potions of brilliance
 u - a potion of haste
 C - 3 potions of poison {unknown}
 E - 2 potions of berserk rage {unknown}
 J - 3 potions of lignification {unknown}
 P - a potion of agility {unknown}
 U - a potion of beneficial mutation {unknown}
 Y - 2 potions of resistance
Books
 b - a book of Conjurations

   Spells                             Type                      Level
   a - Magic Dart                     Conjuration                  1
   b - Searing Ray                    Conjuration                  2
   c - Dazzling Spray                 Conjuration/Hexes            3
   d - Fulminant Prism                Conjuration/Hexes            4
   e - Iskenderun's Mystic Blast      Conjuration                  4
   f - Iskenderun's Battlesphere      Conjuration/Charms           5
 H - a book of Unlife

   Spells                             Type                      Level
   a - Recall                         Summoning/Translocation      3
   b - Animate Dead                   Necromancy                   4
   c - Control Undead                 Necromancy                   4
   d - Cigotuvi's Embrace             Necromancy                   5
   e - Death Channel                  Necromancy                   6
   f - Simulacrum                     Ice/Necromancy               6
 L - the Collected Works on Stones and Confrontation
   (You found it on level 5 of the Dungeon)

   Spells                             Type                      Level
   a - Stone Arrow                    Conjuration/Earth            3
   b - Iron Shot                      Conjuration/Earth            6
   c - Shatter                        Earth                        9
Comestibles
 c - 9 bread rations
 f - 8 beef jerkies
 h - 3 meat rations
 K - 13 fruits
 R - a royal jelly


   Skills:
 + Level 9.4 Dodging
 + Level 9.9 Stealth
 + Level 10.1 Spellcasting
 + Level 9.4 Conjurations
 + Level 9.4 Hexes
 + Level 9.9 Charms
 + Level 2.5 Air Magic
 + Level 2.9 Poison Magic


You had 16 spell levels left.
You knew the following spells:

 Your Spells              Type           Power        Failure   Level  Hunger
a - Magic Dart            Conj           ####         1%          1    None
b - Searing Ray           Conj           ######       1%          2    None
c - Dazzling Spray        Conj/Hex       ######..     1%          3    None
d - Iskenderun's Battles  Conj/Chrm      ######..     1%          5    ###....
e - Mephitic Cloud        Conj/Pois/Air  #####...     1%          3    None


Dungeon Overview and Level Annotations

Branches:
Dungeon (11/15)            Temple (1/1) D:4            Lair (0/8) D:11
    Orc (0/4) D:10

Altars:
Ashenzari
Cheibriados
Dithmenos
Elyvilon
Fedhas
Gozag
Kikubaaqudgha
Makhleb
Nemelex Xobeh
Okawaru
Pakellas
Qazlal
Ru
Sif Muna
Trog
Vehumet
Xom
Yredelemnul
Zin
The Shining One

Shops:
D:4 [   D:9 [


Message History

The white ugly thing is moderately wounded.
The white ugly thing bites you! The white ugly thing freezes you!!
* * * LOW HITPOINT WARNING * * *
A hippogriff comes into view.
The searing ray hits the white ugly thing.
The white ugly thing is moderately wounded.
Your battlesphere fires!
The barrage of energy hits the white ugly thing.
The white ugly thing is heavily wounded.
The white ugly thing completely misses you.
The searing ray hits the white ugly thing.
The white ugly thing is severely wounded.
Your battlesphere fires!
The barrage of energy hits the white ugly thing.
The white ugly thing is almost dead.
The white ugly thing bites you!
* * * LOW HITPOINT WARNING * * *
The white ugly thing freezes you!!
Ouch! That really hurt!
You die...

#....... #.....# #.......
#...H.######## #..)...)
#............# #....###
####............# #....#..
................# #.)..#..
......o..*......# #....###
........(...o...#######....#
..........a.u@.............#
....#'##########...........#
. .' #...........### o..
#.............. ..u
########....... ..
+......#....... C
#......#.......
#####'##.......
#..............


You could see a white ugly thing, a hippogriff, an orc warrior, a worker ant, an
orc and a friendly battlesphere.

Vanquished Creatures
  Maud (D:11)
  Erica (D:11)
  A hill giant (D:10)
  2 unseen horrors
  Pikel (D:7)
  An ugly thing (D:11)
  2 trolls (D:10)
  2 wyverns
  5 hippogriffs
  A deep elf mage (D:10)
  2 steam dragons (D:5)
  A wraith (D:7)
  A hungry ghost (D:11)
  2 humans (D:7)
  Menkaure (D:4)
  An ice beast (D:7)
  A sky beast (D:10)
  A phantom (D:7)
  8 ogres
  6 orc warriors
  A water moccasin (D:9)
  4 slaves (D:4)
  3 centaurs
  A crocodile (D:9)
  5 giant frogs
  A big kobold (D:11)
  Blork the orc (D:4)
  A scorpion (D:9)
  A quasit (D:11)
  8 wights
  13 crimson imps
  8 hounds
  A jelly (D:8)
  3 giant frog zombies
  Crazy Yiuf (D:2)
  3 centaur skeletons
  An iguana (D:7)
  8 orc wizards
  4 orc priests
  Jessica (D:2)
  A giant frog skeleton (D:7)
  Natasha (thrice) (D:2)
  5 worker ants
  A hound zombie (D:7)
  2 hound skeletons
  Robin (D:2)
  11 adders
  4 gnolls
  A shadow imp (D:7)
  3 oozes
  6 worms
  6 giant geckos
  36 orcs
  14 hobgoblins
  2 jackals (D:2)
  11 kobolds
  3 quokkas
  2 ball pythons (D:2)
  13 bats
  2 giant cockroaches
  7 giant newts
  16 goblins
  A jackal skeleton (D:6)
  A quokka zombie (D:7)
  9 rats
271 creatures vanquished.

Notes
Turn   | Place    | Note
--------------------------------------------------------------
     0 | D:1      | George the Deep Elf Conjurer began the quest for the Orb.
     0 | D:1      | Reached XP level 1. HP: 10/10 MP: 6/6
   341 | D:1      | Reached XP level 2. HP: 15/15 MP: 6/8
   990 | D:2      | Reached XP level 3. HP: 19/19 MP: 8/10
   993 | D:2      | Noticed Robin
  1631 | D:1      | Learned a level 2 spell: Searing Ray
  1635 | D:1      | Learned a level 3 spell: Dazzling Spray
  1646 | D:1      | Reached XP level 4. HP: 8/24 MP: 7/12
  1851 | D:2      | Reached skill level 5 in Conjurations
  2027 | D:2      | Noticed Natasha
  2032 | D:2      | Killed Natasha
  2032 | D:2      | Reached skill level 1 in Hexes
  2241 | D:2      | Killed Robin
  2348 | D:2      | Reached XP level 5. HP: 28/28 MP: 11/13
  2619 | D:2      | Found a basalt altar of Yredelemnul.
  2689 | D:2      | Noticed Jessica
  2693 | D:2      | Killed Jessica
  2852 | D:2      | Noticed Natasha
  2856 | D:2      | Killed Natasha
  3037 | D:2      | Noticed Natasha
  3038 | D:2      | Killed Natasha
  3045 | D:2      | Learned a level 5 spell: Iskenderun's Battlesphere
  3132 | D:2      | Noticed Crazy Yiuf
  3138 | D:2      | Killed Crazy Yiuf
  3286 | D:3      | Reached XP level 6. HP: 32/32 MP: 8/15
  3293 | D:3      | Reached skill level 1 in Charms
  3858 | D:3      | Found a shattered altar of Ashenzari.
  4291 | D:4      | Noticed Menkaure
  4451 | D:4      | Killed Menkaure
  4451 | D:4      | Reached skill level 5 in Spellcasting
  4451 | D:4      | Reached XP level 7. HP: 25/36 MP: 11/16
  4608 | D:4      | Found a sacrificial altar of Ru.
  4622 | D:4      | Noticed Blork the orc
  4630 | D:4      | Killed Blork the orc
  4694 | D:4      | Found Ucwufiaf's Armour Shop.
  4732 | D:4      | Found a shimmering altar of Xom.
  4772 | D:4      | Noticed Pikel
  4778 | D:4      | Found a staircase to the Ecumenical Temple.
  5267 | Temple   | Entered the Ecumenical Temple
  5318 | Temple   | Became a worshipper of Vehumet
  5645 | D:5      | Entered Level 5 of the Dungeon
  5758 | D:5      | Reached skill level 5 in Stealth
  5763 | D:5      | Reached skill level 5 in Dodging
  5763 | D:5      | Reached skill level 6 in Conjurations
  5945 | D:5      | Found a white marble altar of Elyvilon.
  6120 | D:5      | Identified the Collected Works on Stones and Confrontation
  6656 | D:5      | Reached skill level 5 in Hexes
  6656 | D:5      | Reached XP level 8. HP: 33/41 MP: 13/18
  7413 | D:6      | Reached skill level 5 in Charms
  8109 | D:7      | Reached * piety under Vehumet
  8109 | D:7      | Offered knowledge of Sting by Vehumet.
  8110 | D:7      | Found a shadowy altar of Dithmenos.
  8409 | D:7      | Reached skill level 7 in Spellcasting
  8644 | D:7      | Reached XP level 9. HP: 29/45 MP: 15/21
  8727 | D:7      | Killed Pikel
  9207 | D:7      | Reached skill level 8 in Spellcasting
  9451 | D:7      | Found an iron altar of Okawaru.
  9890 | D:8      | Found a snail-covered altar of Cheibriados.
  9942 | D:8      | Found a glowing silver altar of Zin.
  9991 | D:8      | Offered knowledge of Throw Frost by Vehumet.
 10044 | D:8      | Found a blossoming altar of Fedhas.
 10120 | D:8      | Found an oddly glowing altar of Pakellas.
 10120 | D:8      | Found a deep blue altar of Sif Muna.
 10333 | D:9      | Reached ** piety under Vehumet
 10343 | D:9      | Reached XP level 10. HP: 42/50 MP: 15/24
 10860 | D:9      | Found Kote Eseoq's Antique Armour Shoppe.
 11684 | D:9      | Bought a pair of scorched boots for 247 gold pieces
 11684 | D:9      | Bought a distressingly furry robe for 148 gold pieces
 11695 | D:9      | Identified the cursed +0 pair of boots "Awe Taun" {rElec rF+ SInv} (You bought it in a shop on level 9 of the Dungeon)
 11705 | D:9      | Identified the +1 robe of the Tuna {Int+4 Dex+5} (You bought it in a shop on level 9 of the Dungeon)
 11796 | D:10     | Entered Level 10 of the Dungeon
 11837 | D:10     | Reached skill level 9 in Spellcasting
 12221 | D:10     | Noticed a hill giant
 12282 | D:10     | Killed a hill giant
 12282 | D:10     | Offered knowledge of Mephitic Cloud by Vehumet.
 12294 | D:10     | Learned a level 3 spell: Mephitic Cloud
 12813 | D:10     | Found a staircase to the Orcish Mines.
 13041 | D:10     | Noticed an unseen horror
 13053 | D:10     | Reached XP level 11. HP: 39/54 MP: 16/26
 13054 | D:10     | Killed an unseen horror
 13054 | D:10     | Reached skill level 1 in Air Magic
 13152 | D:11     | Found a staircase to the Lair.
 13340 | D:11     | Noticed Maud
 13358 | D:11     | Killed Maud
 13358 | D:11     | Reached skill level 1 in Poison Magic
 13361 | D:11     | Reached *** piety under Vehumet
 13703 | D:11     | Noticed Erica
 13711 | D:11     | Killed Erica
 13711 | D:11     | Reached skill level 10 in Spellcasting
 14218 | D:11     | Noticed an unseen horror
 14230 | D:11     | Killed an unseen horror
 14231 | D:11     | Noticed a hill giant
 14242 | D:11     | Annihilated by a white ugly thing

Vault maps used:
D:1:      noname_arrival_rooms_in_the_neighbourhood, minmay_misc_feat_enclosed
D:2:      marbit_many_paths, uniq_natasha, uniq_robin, uniq_jessica,
          uniq_crazy_yiuf_cottage
D:3:      ashenzari_conservatory_becter, first_bread
D:4:      nicolae_ru_awakened_eye, overflow_temple_1_default, temple_fountains,
          serial_shops, nicolae_shop_trees, uniq_blork_the_orc, uniq_pikel,
          uniq_menkaure
D:5:      kennysheep_steamy, elyvilon_altar_5
D:6:      hangedman_abyss_or_decor_stabs, supply_closet_lemuel, glass_columns_b,
          grunt_decor_mini_mirrors
D:7:      okawaru_humans, overflow_temple_1_default
D:8:      zin_treasury, cheibriados_altar_1, nicolae_overflow_hidden_temple,
          amethyst_overflow_temple_binary
D:9:      serial_shops, nicolae_shop_waterfront, grunt_ogre_cave,
          minmay_misc_feat_iff
D:10:     orc_0_dummy
D:11:     lair_0_dummy, uniq_erica, uniq_psyche, uniq_maud
Temple:   temple_eino_lava_8

Action                   |  1- 3 |  4- 6 |  7- 9 | 10-12 || total
-------------------------+-------+-------+-------+-------++-------
Melee: Dagger            |     6 |       |       |       ||     6
       Quarterstaff      |       |       |     6 |       ||     6
 Cast: Magic Dart        |    78 |   138 |   232 |   216 ||   664
       Searing Ray       |       |    13 |    45 |    43 ||   101
       Iskenderun's Batt |       |       |     3 |     8 ||    11
  Use: Scroll            |       |       |    14 |     5 ||    19
  Eat: Chunk             |     2 |     8 |    17 |    11 ||    38
       Pizza             |       |       |     1 |     1 ||     2
